TOP OF THE 1ST |
Salem Sledgehammers batting - Pitching for Saskatoon Smokin' Guns : RHP Luis Costa
|
Pitching: RHP Luis Costa
|
|
Batting: RHB Ben Simpson
|
0-0: Called Strike 0-1: Ground out 5-3 (Groundball, 5)
|
Batting: SHB Ángel Estrada
|
0-0: Ball 1-0: Called Strike 1-1: Foul Ball, location: 2F 1-2: Ball 2-2: Ball 3-2: Strikes out looking
|
Batting: LHB Miguel Gálvez
|
0-0: Called Strike 0-1: Fly out, F7 (Flyball, 7)
|
Top of the 1st over - 0 run(s), 0 hit(s), 0 error(s), 0 left on base; Salem 0 - Saskatoon 0 |
BOTTOM OF THE 1ST |
Saskatoon Smokin' Guns batting - Pitching for Salem Sledgehammers : RHP Juan Padilla
|
Pitching: RHP Juan Padilla
|
|
Batting: RHB Pedro Cabrera
|
0-0: Ball 1-0: Swinging Strike 1-1: Ball 2-1: Ball 3-1: Fly out, F8 (Flyball, 8RD)
|
Batting: RHB Julián García
|
0-0: Foul Ball, location: 2F 0-1: Foul Ball, location: 2F 0-2: Ball 1-2: Foul Ball, location: 2F 1-2: Ball 2-2: Ground out 6-3 (Groundball, 6)
|
Batting: LHB Bo Rush
|
0-0: Ball 1-0: Ball 2-0: Ball 3-0: Called Strike 3-1: Base on Balls
|
Batting: RHB Rafael Gonzáles
|
0-0: Ball 1-0: Ball 2-0: Ball 3-0: 2-RUN HOME RUN (Flyball, 7D), Distance : 416 ft
|
Batting: LHB José Domínguez
|
0-0: Ball 1-0: Swinging Strike 1-1: Foul Ball, location: 2F 1-2: Foul Ball, location: 2F 1-2: Foul Ball, location: 2F 1-2: Hit by Pitch
|
Batting: RHB Joaquín Luna
|
0-0: Fly out, F7 (Flyball, 7LM)
|
Bottom of the 1st over - 2 run(s), 1 hit(s), 0 error(s), 1 left on base; Salem 0 - Saskatoon 2 |
TOP OF THE 2ND |
Salem Sledgehammers batting - Pitching for Saskatoon Smokin' Guns : RHP Luis Costa
|
Batting: RHB Juan Morales
|
0-0: Swinging Strike 0-1: Ball 1-1: Fly out, F8 (Flyball, 8RD)
|
Batting: RHB Rich Crabtree
|
0-0: Ground out 5-3 (Groundball, 56)
|
Batting: RHB John Burton
|
0-0: Ball 1-0: Fly out, F8 (Flyball, 8RM)
|
Top of the 2nd over - 0 run(s), 0 hit(s), 0 error(s), 0 left on base; Salem 0 - Saskatoon 2 |
BOTTOM OF THE 2ND |
Saskatoon Smokin' Guns batting - Pitching for Salem Sledgehammers : RHP Juan Padilla
|
Batting: LHB Rubén Salazar
|
0-0: Called Strike 0-1: Ball 1-1: Ground out U3 (Groundball, 34)
|
Batting: RHB Johnny Hawson
|
0-0: Ball 1-0: Swinging Strike 1-1: Ground out 5-3 (Groundball, 5)
|
Batting: RHB Artie Turner
|
0-0: Foul Ball, location: 2F 0-1: Ball 1-1: Foul Ball, location: 2F 1-2: Ball 2-2: Ball 3-2: Strikes out swinging
|
Bottom of the 2nd over - 0 run(s), 0 hit(s), 0 error(s), 0 left on base; Salem 0 - Saskatoon 2 |
TOP OF THE 3RD |
Salem Sledgehammers batting - Pitching for Saskatoon Smokin' Guns : RHP Luis Costa
|
Batting: RHB Carl Curry
|
0-0: Called Strike 0-1: Ball 1-1: Foul Ball, location: 2F 1-2: Fly out, F8 (Flyball, 8LM)
|
Batting: RHB Roberto Landavazo
|
0-0: Foul Ball, location: 2F 0-1: Swinging Strike 0-2: Foul Ball, location: 2F 0-2: Strikes out swinging passed ball, reaches first!
|
Batting: RHB Steve West
|
0-0: Ball 1-0: Fielders Choice at 2nd, 6-4 (Groundball, 56)
|
Batting: RHB Ben Simpson
|
0-0: Ball 1-0: Called Strike 1-1: Ball 2-1: DOUBLE (Flyball, 7) Steve West to third Runner from 3rd tries for Home, SAFE, no throw
|
Batting: SHB Ángel Estrada
|
0-0: Ball 1-0: Fly out, F8 (Flyball, 8RM)
|
Top of the 3rd over - 1 run(s), 1 hit(s), 0 error(s), 1 left on base; Salem 1 - Saskatoon 2 |
BOTTOM OF THE 3RD |
Saskatoon Smokin' Guns batting - Pitching for Salem Sledgehammers : RHP Juan Padilla
|
Batting: RHB Pedro Cabrera
|
0-0: Ball 1-0: Ball 2-0: Ground out 3-1 (Groundball, 34)
|
Batting: RHB Julián García
|
0-0: Ball 1-0: Called Strike 1-1: Ball 2-1: SINGLE (Flyball, 9LS)
|
Batting: LHB Bo Rush
|
0-0: Ball 1-0: Ball Julián García steals 2nd base 2-0: Ball 3-0: Called Strike 3-1: Base on Balls
|
Batting: RHB Rafael Gonzáles
|
0-0: Ball 1-0: Swinging Strike 1-1: Swinging Strike 1-2: Foul Ball, location: 2F 1-2: Foul Ball, location: 2F 1-2: Strikes out swinging
|
Batting: LHB José Domínguez
|
0-0: Foul Ball, location: 2F 0-1: Swinging Strike 0-2: SINGLE (Groundball, 4MD) Julián García to third Bo Rush to second Runner from 3rd tries for Home, SAFE, no throw
|
Batting: RHB Joaquín Luna
|
0-0: Called Strike 0-1: Ball 1-1: Foul Ball, location: 2F 1-2: Strikes out swinging
|
Bottom of the 3rd over - 1 run(s), 2 hit(s), 0 error(s), 2 left on base; Salem 1 - Saskatoon 3 |
TOP OF THE 4TH |
Salem Sledgehammers batting - Pitching for Saskatoon Smokin' Guns : RHP Luis Costa
|
Batting: LHB Miguel Gálvez
|
0-0: SOLO HOME RUN (Line Drive, 89XD), Distance : 455 ft
|
Batting: RHB Juan Morales
|
0-0: Called Strike 0-1: Swinging Strike 0-2: Ground out U3 (Groundball, 3L)
|
Batting: RHB Rich Crabtree
|
0-0: Foul Ball, location: 2F 0-1: Ball 1-1: Fly out, F7 (Flyball, 7S)
|
Batting: RHB John Burton
|
0-0: Swinging Strike 0-1: Swinging Strike 0-2: Strikes out looking
|
Top of the 4th over - 1 run(s), 1 hit(s), 0 error(s), 0 left on base; Salem 2 - Saskatoon 3 |
BOTTOM OF THE 4TH |
Saskatoon Smokin' Guns batting - Pitching for Salem Sledgehammers : RHP Juan Padilla
|
Batting: LHB Rubén Salazar
|
0-0: Foul Ball, location: 2F 0-1: Ball 1-1: Fly out, F4 (Popup, 34D)
|
Batting: RHB Johnny Hawson
|
0-0: Ball 1-0: Fly out, F9 (Flyball, 9)
|
Batting: RHB Artie Turner
|
0-0: Swinging Strike 0-1: Ball 1-1: Ball 2-1: Foul Ball, location: 2F 2-2: Fly out, F9 (Flyball, 9)
|
Bottom of the 4th over - 0 run(s), 0 hit(s), 0 error(s), 0 left on base; Salem 2 - Saskatoon 3 |
TOP OF THE 5TH |
Salem Sledgehammers batting - Pitching for Saskatoon Smokin' Guns : RHP Luis Costa
|
Batting: RHB Carl Curry
|
0-0: Ball 1-0: Called Strike 1-1: Ball 2-1: Ball 3-1: Ground out 5-3 (Groundball, 56S)
|
Batting: RHB Roberto Landavazo
|
0-0: Foul Ball, location: 2F 0-1: Swinging Strike 0-2: Ball 1-2: Ball 2-2: Ball 3-2: Foul Ball, location: 2F 3-2: Foul Ball, location: 2F 3-2: Foul Ball, location: 2F 3-2: Strikes out looking
|
Batting: RHB Steve West
|
0-0: Fly out, F9 (Flyball, 9LM)
|
Top of the 5th over - 0 run(s), 0 hit(s), 0 error(s), 0 left on base; Salem 2 - Saskatoon 3 |
BOTTOM OF THE 5TH |
Saskatoon Smokin' Guns batting - Pitching for Salem Sledgehammers : RHP Juan Padilla
|
Batting: RHB Pedro Cabrera
|
0-0: SINGLE (Groundball, 6MD)
|
Batting: RHB Julián García
|
0-0: Ball 1-0: Foul Ball, location: 2F 1-1: Ball 2-1: Ball 3-1: Called Strike 3-2: SINGLE (Flyball, 7S) Pedro Cabrera to second
|
Batting: LHB Bo Rush
|
0-0: Grounds into double play, 4-6-3 (Groundball, 34) Pedro Cabrera to third
|
Batting: RHB Rafael Gonzáles
|
0-0: Ball 1-0: Called Strike 1-1: Swinging Strike 1-2: Strikes out looking
|
Bottom of the 5th over - 0 run(s), 2 hit(s), 0 error(s), 1 left on base; Salem 2 - Saskatoon 3 |
TOP OF THE 6TH |
Salem Sledgehammers batting - Pitching for Saskatoon Smokin' Guns : RHP Luis Costa
|
Batting: RHB Ben Simpson
|
0-0: Ground out 5-3 (Groundball, 56)
|
Batting: SHB Ángel Estrada
|
0-0: Ball 1-0: Ball 2-0: Ball 3-0: Called Strike 3-1: Ground out 6-3 (Groundball, 6M)
|
Batting: LHB Miguel Gálvez
|
0-0: Ball 1-0: Ball 2-0: Foul Ball, location: 2F 2-1: Foul Ball, location: 2F 2-2: Ball 3-2: Strikes out swinging
|
Top of the 6th over - 0 run(s), 0 hit(s), 0 error(s), 0 left on base; Salem 2 - Saskatoon 3 |
BOTTOM OF THE 6TH |
Saskatoon Smokin' Guns batting - Pitching for Salem Sledgehammers : RHP Juan Padilla
|
Pitching: RHP Oliver Flores
|
|
Batting: LHB José Domínguez
|
0-0: Called Strike 0-1: Foul Ball, location: 2F 0-2: Strikes out swinging
|
Batting: RHB Joaquín Luna
|
0-0: Called Strike 0-1: Foul Ball, location: 2F 0-2: Ball 1-2: Strikes out looking
|
Batting: LHB Rubén Salazar
|
0-0: Ball 1-0: Called Strike 1-1: Foul Ball, location: 2F 1-2: Ball 2-2: Ball 3-2: SINGLE (Line Drive, 89S)
|
Batting: RHB Johnny Hawson
|
0-0: Ball Rubén Salazar is caught stealing 2nd base
|
Bottom of the 6th over - 0 run(s), 1 hit(s), 0 error(s), 0 left on base; Salem 2 - Saskatoon 3 |
TOP OF THE 7TH |
Salem Sledgehammers batting - Pitching for Saskatoon Smokin' Guns : RHP Luis Costa
|
Batting: RHB Juan Morales
|
0-0: Ball 1-0: Fly out, F3 (Popup, 3L)
|
Batting: RHB Rich Crabtree
|
0-0: Ball 1-0: Ball 2-0: Swinging Strike 2-1: Foul Ball, location: 2F 2-2: Ground out 6-3 (Groundball, 6)
|
Batting: RHB John Burton
|
0-0: Called Strike 0-1: Called Strike 0-2: Ball 1-2: Ground out 3-1 (Groundball, 2R)
|
Top of the 7th over - 0 run(s), 0 hit(s), 0 error(s), 0 left on base; Salem 2 - Saskatoon 3 |
BOTTOM OF THE 7TH |
Saskatoon Smokin' Guns batting - Pitching for Salem Sledgehammers : RHP Oliver Flores
|
Batting: RHB Johnny Hawson
|
0-0: Foul Ball, location: 2F 0-1: Ball 1-1: SINGLE (Line Drive, 34D)
|
Batting: RHB Artie Turner
|
0-0: Called Strike 0-1: Ball 1-1: Ball Johnny Hawson steals 2nd base 2-1: SINGLE (Groundball, 6MD) Johnny Hawson to third
|
Pinch Hitting: RHB Justin Geoghegan
|
0-0: Foul Ball, location: 2F 0-1: Ball 1-1: Ball 2-1: DOUBLE (Line Drive, 7D) Johnny Hawson scores Artie Turner to third
|
Batting: RHB Julián García
|
0-0: Swinging Strike 0-1: Fly out, F8 (Flyball, 8RM) Runner from 3rd tags up, OUT at HOME Justin Geoghegan to third
|
Batting: LHB Bo Rush
|
0-0: Intentional Walk
|
Pinch Hitting: RHB Robbie Jenkins
|
0-0: Ball 1-0: Ball 2-0: Ball 3-0: Base on Balls Bo Rush to second
|
Batting: LHB José Domínguez
|
0-0: Ball 1-0: Ball 2-0: Ball 3-0: Base on Balls Justin Geoghegan scores Bo Rush to third Robbie Jenkins to second
|
Pitching: RHP Sergio García
|
|
Batting: RHB Joaquín Luna
|
0-0: Ball 1-0: Foul Ball, location: 2F 1-1: Ball 2-1: Fielders Choice at 2nd, 6-4 (Groundball, 56)
|
Bottom of the 7th over - 2 run(s), 3 hit(s), 0 error(s), 2 left on base; Salem 2 - Saskatoon 5 |
TOP OF THE 8TH |
Salem Sledgehammers batting - Pitching for Saskatoon Smokin' Guns : RHP Luis Costa
|
Now at 3B: Justin Geoghegan
|
|
Now in CF: Jim Hall
|
|
Batting: RHB Carl Curry
|
0-0: Foul Ball, location: 2F 0-1: Bunted foul 0-2: Fly out, F6 (Line Drive, 6M)
|
Batting: RHB Roberto Landavazo
|
0-0: Ground out 3-1 (Groundball, 34S)
|
Batting: RHB Steve West
|
0-0: Ground out 5-3 (Groundball, 56)
|
Top of the 8th over - 0 run(s), 0 hit(s), 0 error(s), 0 left on base; Salem 2 - Saskatoon 5 |
BOTTOM OF THE 8TH |
Saskatoon Smokin' Guns batting - Pitching for Salem Sledgehammers : RHP Sergio García
|
Batting: LHB Rubén Salazar
|
0-0: Ball 1-0: Swinging Strike 1-1: Called Strike 1-2: Strikes out swinging, 2-3 out at first.
|
Batting: RHB Johnny Hawson
|
0-0: Ball 1-0: Ground out 6-3 (Groundball, 6)
|
Batting: RHB Artie Turner
|
0-0: Called Strike 0-1: Fly out, F8 (Flyball, 8LM)
|
Bottom of the 8th over - 0 run(s), 0 hit(s), 0 error(s), 0 left on base; Salem 2 - Saskatoon 5 |
TOP OF THE 9TH |
Salem Sledgehammers batting - Pitching for Saskatoon Smokin' Guns : RHP Luis Costa
|
Pitching: RHP Josh Ewing
|
|
Batting: RHB Ben Simpson
|
0-0: Ball 1-0: Foul Ball, location: 2F 1-1: Ball 2-1: Swinging Strike 2-2: Foul Ball, location: 2F 2-2: Ground out 5-3 (Groundball, 5S)
|
Batting: SHB Ángel Estrada
|
0-0: Ground out 6-3 (Groundball, 6)
|
Batting: LHB Miguel Gálvez
|
0-0: Swinging Strike 0-1: Foul Ball, location: 2F 0-2: Strikes out swinging
|
Top of the 9th over - 0 run(s), 0 hit(s), 0 error(s), 0 left on base; Salem 2 - Saskatoon 5 |
|